 Dungeon Crawl Stone Soup version 0.15.2 (webtiles) character file.

85 Maja the Sneak (level 4, 23/23 HPs)
             Began as a Vine Stalker Assassin on Jan 16, 2015.
             Quit the game on Level 3 of the Dungeon.
             The game lasted 00:23:54 (1908 turns).

Maja the Sneak (Vine Stalker Assassin)              Turns: 1908, Time: 00:23:55

HP  23/23        AC  6     Str 14      XL: 4   Next: 48%
MP   5/5         EV 12     Int 11      God:
Gold 136         SH  0     Dex 16      Spells:  0 memorised,  3 levels left

rFire  . . .     SeeInvis .     a - +2 dagger
rCold  . . .     Clarity  .     c - +0 robe
rNeg   . . .     rCorr    .     (no shield)
rPois  .         rRot     +     r - +1 hat
rElec  .         Spirit   +     d - +0 cloak
SustAb .         Warding  .     l - +0 pair of gloves
rMut   .         Stasis   .     k - +0 pair of boots
Gourm  .                        (no amulet)
MR     .....                    (no ring)
                                (no ring)

@: not resistant to hostile enchantments, fairly stealthy
A: fangs 2, regeneration 1, magic shield, antimagic bite, no device heal 3, rot
immunity
a: no special abilities


You were on level 3 of the Dungeon.
You were not hungry.

You visited 1 branch of the dungeon, and saw 3 of its levels.

You collected 136 gold pieces.

Inventory:

Hand weapons
 a - a +2 dagger (weapon)
 b - a +0 blowgun
Missiles
 e - 38 poisoned needles
 f - 2 curare-tipped needles
 i - 14 stones (quivered)
Armour
 c - a +0 robe (worn)
 d - a +0 cloak (worn)
 k - a +0 pair of boots (worn)
 l - a +0 pair of gloves (worn)
 r - a +1 hat (worn)
Comestibles
 g - a bread ration
Scrolls
 m - a scroll of teleportation
Potions
 h - a potion of brilliance
 j - a potion of resistance
 n - a potion of confusion {unknown}
 o - a potion of magic {unknown}
 p - a potion of restore abilities {unknown}
 q - a potion of might {unknown}


   Skills:
 + Level 1.8 Fighting
 + Level 1.9 Short Blades
 + Level 2.2 Throwing
 + Level 1.3 Dodging
 * Level 6.5 Stealth


You had 3 spell levels left.
You didn't know any spells.

Dungeon Overview and Level Annotations

Branches:
Dungeon (3/15)

Altars:
Ashenzari
Makhleb


Innate Abilities, Weirdness & Mutations

You have extremely sharp teeth.
Your natural rate of healing is unusually fast.
When hurt, damage is shared between your health and your magic reserves.
Your bite disrupts and absorbs the magic of your enemies.
Potions and wands cannot restore your health.
You are immune to rotting.


Message History

You start butchering the giant cockroach corpse.
You continue butchering the corpse. x3
You finish butchering the giant cockroach corpse.
s - a chunk of giant cockroach flesh Eat a chunk of giant cockroach flesh? (ye/n/q/i?) This raw flesh tastes terrible.
You continue eating. x2
a - a +2 dagger (weapon)
e - 38 poisoned needles (gained 1)
You now have 136 gold pieces (gained 14).
You open the door.
An adder, an orc and an orc wizard come into view.
The orc wizard shouts! 2 orcs come into view.
There is an open door here.
Throwing (i - inventory):
i - 14 stones (quivered)
Press: ? - help, Shift-Dir - straight line, f - adder
Aim: an adder (hasn't noticed you)
Okay, then.
Are you sure you want to abandon this character and quit the game? (Confirm with "yes".)

######...#########.# ###..#
#.. #####.## ##. ..##..####
## #.###...<###
##############.######...#
........<...............####
.##############......#......
#@....####......##
ooo.S...#....# #########
.o.....#....# #
#####..#....# #
#####..#....# # ####..#....#
###..#....# ##..#..#..#
.#........


You could see an orc wizard, an adder (wandering) and 3 orcs.

Vanquished Creatures
  A hound (D:2)
  An adder (D:2)
  A worm (D:3)
  2 giant geckos
  4 giant cockroaches
  A hobgoblin (D:1)
  2 jackals (D:1)
  3 kobolds
  A quokka (D:2)
  A ball python (D:1)
  5 bats (D:1)
  A giant newt (D:2)
  6 goblins (D:1)
  5 rats
34 creatures vanquished.

Notes
Turn   | Place    | Note
--------------------------------------------------------------
     0 | D:1      | Maja, the Vine Stalker Assassin, began the quest for the Orb.
     0 | D:1      | Reached XP level 1. HP: 11/11 MP: 1/1
    48 | D:1      | Reached skill level 5 in Stealth
   299 | D:1      | Reached XP level 2. HP: 4/15 MP: 3/3
   538 | D:1      | Reached skill level 1 in Dodging
   625 | D:1      | Reached XP level 3. HP: 18/18 MP: 4/4
  1064 | D:2      | Found a shattered altar of Ashenzari.
  1401 | D:2      | Found a burning altar of Makhleb.
  1404 | D:2      | Reached skill level 6 in Stealth
  1404 | D:2      | Reached XP level 4. HP: 23/23 MP: 5/5
  1908 | D:3      | Quit the game

Action                   |  1- 3 |  4- 6 || total
-------------------------+-------+-------++-------
Melee: Dagger            |    60 |     1 ||    61
 Fire: Blowgun           |    24 |     8 ||    32
Throw: Stone             |     1 |       ||     1
  Use: Scroll            |     6 |       ||     6
 Stab: Sleeping          |     8 |     2 ||    10
  Eat: Chunk             |     1 |     2 ||     3
